 Dungeon Crawl Stone Soup version 0.27-a0-869-g165b36e3f0 (webtiles) character file.

Game seed: 10295102494124371440

127 funkygono the Magician (level 5, -6/35 HPs)
             Began as a Djinni Fire Elementalist on Apr 3, 2021.
             Mangled by an orc
             ... wielding a +0 hand axe
              (7 damage)
             ... on level 3 of the Dungeon.
             The game lasted 00:03:28 (2296 turns).

funkygono the Magician (Djinni Fire Elementalist)   Turns: 2296, Time: 00:03:29

Health: -6/35      AC:  2    Str:  7    XL:     5   Next: 11%
Gold:   65         EV: 12    Int: 17    God:
                   SH:  0    Dex: 14

rFire    + + .     SeeInvis .   f - +3 whip
rCold    x . .     Faith    .   (no shield)
rNeg     . . .     Spirit   .   a - +0 robe
rPois    ∞         Reflect  .   (no helmet)
rElec    .         Harm     .   (no cloak)
rCorr    .         Rampage  .   (no gloves)
Will     .....                  (boots unavailable)
Stlth    ++........             (no amulet)
HPRegen  0.11/turn              (no ring)
MPRegen  0.00/turn              (no ring)

@: flying
A: fire resistance 2, cold vulnerability 1, float, innate caster, hp casting,
extra vitality 1
a: no special abilities


You were on level 3 of the Dungeon.
You visited 1 branch of the dungeon, and saw 3 of its levels.

You collected 65 gold pieces.

Inventory:

Hand Weapons
 d - a +0 dagger
 f - a +3 whip (weapon)
Armour
 a - a +0 robe (worn)
 h - a +0 leather armour
Magical Staves
 e - a staff of death
Scrolls
 g - a scroll of immolation
Potions
 b - a potion of curing {unknown}
 c - a potion of flight {unknown}
 i - a potion of invisibility {unknown}


   Skills:
 * Level 2.6 Dodging
 - Level 1.5 Stealth
 * Level 4.6 Spellcasting


You couldn't memorise any spells.
You knew the following spells:

 Your Spells              Type           Power      Damage    Failure   Level
a - Foxfire               Conj/Fire      76%        2x1d7     2%          1
b - Conjure Flame         Conj/Fire      19%        6-21      6%          3
c - Inner Flame           Hex/Fire       19%        N/A       6%          3
d - Sticky Flame          Conj/Fire      19%        2d4       22%         4
e - Fireball              Conj/Fire      9%         3d6       52%         5
f - Animate Skeleton      Necr           38%        N/A       2%          1
g - Passwall              Tmut/Erth      15%        N/A       3%          2
Your spell library was empty.

Dungeon Overview and Level Annotations

Branches:
Dungeon (3/15)

Altars:


Innate Abilities, Weirdness & Mutations

You are immune to poison.
Your flesh is very heat resistant. (rF++)
You are vulnerable to cold. (rC-)
You float through the air rather than walking.
You learn spells naturally, not from books.
Your magical power is your life essence.
You have superior vitality. (+4 HP)


Message History

Casting: Foxfire (safe; 2% risk of failure)
Confirm with . or Enter, or press ? or * to list all spells.
There is not enough space to conjure foxfire!
You hit the orc.
The orc is moderately wounded.
The foxfire hits the orc priest.
The orc priest is heavily wounded.
The foxfire hits the orc priest.
The orc priest is almost dead.
The foxfire hits the orc priest.
You kill the orc priest!
The orc hits you with a +0 flail. The orc hits you with a +0 hand axe.
You have reached level 5!
The power to cast Passwall wells up from within.
Spell assigned to 'g'.
Casting: Foxfire (safe; 2% risk of failure)
Confirm with . or Enter, or press ? or * to list all spells.
You conjure some foxfire!
The frilled lizard bites you but does no damage.
The orc hits you with a +0 flail!
* * * LOW HITPOINT WARNING * * *
The orc closely misses you. The orc closely misses your foxfire.
You hit the orc.
The orc is almost dead.
The foxfire hits the frilled lizard.
You kill the frilled lizard!
The foxfire hits the orc.
The orc is heavily wounded.
The orc barely misses you. The orc hits you with a +0 hand axe.
* * * LOW HITPOINT WARNING * * *
Unknown command.
Okay, then.
Casting: Foxfire (safe; 2% risk of failure)
Confirm with . or Enter, or press ? or * to list all spells.
You conjure some foxfire!
* * * LOW HITPOINT WARNING * * *
The orc hits you with a +0 flail.
* * * LOW HITPOINT WARNING * * *
The orc hits you with a +0 hand axe!
You die...

.# .# ..# ...#
##... .
..######... ...
......v)v#.....
......§@o......
.[######o##...#
.# # .# .. ##


You could see 2 orcs.

Vanquished Creatures
  2 orc priests (D:3)
  An orc wizard (D:3)
  2 dart slugs (D:1)
  8 endoplasms
  A giant cockroach (D:1)
  2 goblins (D:1)
  6 hobgoblins
  2 ball pythons (D:1)
  3 bats
  5 frilled lizards
  8 kobolds
  A rat (D:2)
41 creatures vanquished.

Vanquished Creatures (others)
  93 foxfires
93 creatures vanquished.

Grand Total: 134 creatures vanquished

Notes
Turn   | Place    | Note
-------+----------+-------------------------------------------
     0 | D:1      | funkygono the Djinni Fire Elementalist began the quest for
                  | the Orb.
     0 | D:1      | Reached XP level 1. HP: 15/15 MP: 0/0
   341 | D:1      | Reached skill level 3 in Spellcasting
   426 | D:1      | Reached XP level 2. HP: 18/21 MP: 0/0
   896 | D:1      | Reached XP level 3. HP: 24/25 MP: 0/0
   896 | D:1      | Learned a level 1 spell: Animate Skeleton
  1797 | D:2      | Found a faded altar of an unknown god.
  2286 | D:3      | Reached skill level 4 in Spellcasting
  2286 | D:3      | Reached XP level 4. HP: 27/31 MP: 0/0
  2294 | D:3      | Reached XP level 5. HP: 12/35 MP: 0/0
  2294 | D:3      | Learned a level 2 spell: Passwall
  2296 | D:3      | HP: 1/35 [orc/+0 flail (1)]
  2296 | D:3      | Mangled by an orc

Illustrated notes

Levels and vault maps discovered:
D:1:      lightli_arrival_maybe_door_vault, layout_basic
D:2:      layout_basic, chequers_ecumenical_altar_grove
D:3:      layout_loops_ring

Skill      XL: |  1  2  3 |
---------------+----------+-----
Spellcasting   | 3 4 |  4.6
Dodging        | |  2.6
Stealth        | |  1.5

Action                   |  1- 3 |  4- 6 || total
-------------------------+-------+-------++-------
Melee: Dagger            |    15 |       ||    15
       Whip              |     1 |     3 ||     4
 Cast: Foxfire           |    57 |     8 ||    65
       Conjure Flame     |     1 |       ||     1
       Animate Skeleton  |     1 |       ||     1
  Use: Scroll            |     1 |       ||     1
Armor: Robe              |     1 |     1 ||     2
Dodge: Dodged            |    14 |    11 ||    25

Table legend: (Time is in decaauts)
 A = Elapsed time spent in this place.
 B = Non-inter-level travel time spent in this place.
 C = Inter-level travel time spent in this place.
 D = Time resting spent in this place.
 E = Time spent auto-exploring this place.
 F = Levels seen in this place.
 G = Mean time per level.
                   A        B        C        D        E       F      G
               +--------+--------+--------+--------+--------+-----+--------+
         Total |   2295 |   2258 |     37 |     70 |   1904 |   3 |  765.0 |
       Dungeon |   2295 |   2258 |     37 |     70 |   1904 |   3 |  765.0 |
               +--------+--------+--------+--------+--------+-----+--------+

Top non-repeatable levels by time:
     D:1: 1481 daAuts
     D:2: 799 daAuts
     D:3: 14 daAuts
